 Dungeon Crawl Stone Soup version 0.27-a0-1200-g94dc6ad4cf (webtiles) character file.

Game seed: 4317648031822926912

143194 rjrrt the Executioner (level 16, -3/151 HPs)
             Began as a Minotaur Berserker on May 28, 2021.
             Was the Champion of Trog.
             Slain by a naga warrior
             ... wielding a +1 war axe of freezing
              (41 damage)
             ... on level 3 of the Snake Pit on June 1, 2021.
             The game lasted 00:59:59 (29596 turns).

rjrrt the Executioner (Minotaur Berserker)         Turns: 29596, Time: 01:00:00

Health: -3/151     AC: 40    Str: 27    XL:     16   Next: 82%
Magic:  15/15      EV: 11    Int: 16    God:    Trog [******]
Gold:   1305       SH:  0    Dex: 14    Spells: 15/15 levels left

rFire    + . .     SeeInvis +   a - +9 battleaxe of Disembowelment {vorpal, rCorr}
rCold    + . .     Faith    +   (shield currently unavailable)
rNeg     . . .     Spirit   .   H - +15 plate armour "Zuha" {rC++ Regen+ Int+5}
rPois    +         Reflect  .   z - +2 hat {Int+3}
rElec    +         Harm     .   Q - +0 cloak {rPois}
rCorr    +         Rampage  .   s - +0 pair of gloves
Will     ++...                  o - +1 pair of boots
Stlth    ..........             q - amulet of faith
HPRegen  1.35/turn              c - ring of Rirghuruq {rF+ rC- Will+ Slay+4}
MPRegen  0.14/turn              r - ring "Aluarysi" {rElec Str+2 Int+4 SInv}

@: constricted
A: horns 2, retaliatory headbutt
a: Renounce Religion, Berserk, Trog's Hand, Brothers in Arms


You were on level 3 of the Snake Pit.
You worshipped Trog.
Trog was exalted by your worship.
You visited 4 branches of the dungeon, and saw 26 of its levels.
You also visited: Bailey and Ice Cave.

You collected 2735 gold pieces.
You spent 1430 gold pieces at shops.

Inventory:

Hand Weapons
 a - the +9 battleaxe of Disembowelment (weapon) {vorpal, rCorr}
   (Trog gifted it to you in an ice cave)

   It inflicts extra damage upon your enemies.
   It protects you from acid and corrosion.
 b - a +0 trident of venom
 f - a +2 battleaxe of flaming
 k - a +3 executioner's axe of venom
Missiles
 m - 72 poisoned darts (quivered)
 A - 16 throwing nets
 E - 3 curare-tipped darts
 R - 8 javelins
Armour
 o - a +1 pair of boots (worn)
 s - a +0 pair of gloves (worn)
 z - a +2 hat of intelligence (worn)
 H - the +15 plate armour "Zuha" (worn) {rC++ Regen+ Int+5}
   (You bought it in a shop on level 1 of the Orcish Mines)

   It affects your intelligence (+5).
   It greatly protects you from cold.
   It increases your rate of health regeneration.
 Q - a +0 cloak of poison resistance (worn)
Jewellery
 c - the ring of Rirghuruq (left hand) {rF+ rC- Will+ Slay+4}
   (You found it on level 14 of the Dungeon)

   [ring of slaying]

   It affects your accuracy and damage with ranged weapons and melee attacks
   (+4).
   It protects you from fire.
   It makes you vulnerable to cold.
   It increases your willpower.
 i - a ring of willpower
 q - an amulet of faith (around neck)
 r - the ring "Aluarysi" (right hand) {rElec Str+2 Int+4 SInv}
   (You found it on level 15 of the Dungeon)

   [ring of see invisible]

   It affects your strength (+2).
   It affects your intelligence (+4).
   It insulates you from electricity.
   It lets you see invisible.
 O - a ring of flight
Wands
 n - a wand of iceblast (16)
 t - a wand of digging (9)
 B - a wand of paralysis (15)
 K - a wand of acid (26)
 M - a wand of flame (56)
 T - a wand of charming (3)
Scrolls
 e - 2 scrolls of fog
 j - 5 scrolls of enchant armour
 p - 5 scrolls of identify
 y - 11 scrolls of teleportation
 F - 2 scrolls of fear
 I - 2 scrolls of magic mapping
 L - 2 scrolls of summoning
Potions
 d - a potion of cancellation
 g - 7 potions of flight
 h - 9 potions of mutation
 l - 4 potions of might
 u - 2 potions of attraction
 v - a potion of invisibility
 x - 10 potions of curing
 C - 2 potions of heal wounds
 G - 4 potions of haste
 J - 3 potions of ambrosia
 S - 5 potions of lignification


   Skills:
 + Level 15.8 Fighting
 * Level 21.3 Axes
 + Level 4.4 Throwing
 + Level 15.5 Armour
 + Level 14.5 Dodging
 + Level 4.3 Evocations


You had 15 spell levels left.
You didn't know any spells.
Your spell library was empty.

Dungeon Overview and Level Annotations

Branches:
Dungeon (15/15)            Temple (0/1) D:6            Lair (6/6) D:8
 Shoals (0/4) Lair:2        Snake (3/4) Lair:4        Slime (0/5) Lair:6
    Orc (2/2) D:11            Elf (0/3) Orc:2        Vaults (0/5) D:13
 Depths (0/5) D:15         Bailey (visited)           IceCv (visited)

Altars:
Ashenzari
Cheibriados
Dithmenos
Elyvilon
Fedhas
Gozag
Makhleb
Okawaru
Qazlal
Sif Muna
Trog
Wu Jian
Yredelemnul
Zin
The Shining One
Beogh
Jiyva

Shops:
Orc:1 [   Orc:2 [([[   Snake:2 =

Portals:
Hell: Lair:6

Annotations:
Lair:4 3 runed translucent doors, Aqorghia's ghost, novice DDWr


Innate Abilities, Weirdness & Mutations

You have a pair of horns on your head.
You reflexively headbutt those who attack you in melee.


Message History

You closely miss the naga warrior.
You feel sick.
You closely miss the naga warrior.
The naga warrior is lightly wounded.
You slice the salamander!!
You kill the salamander!
Trog accepts your kill.
You feel sick.
The naga warrior hits you with a +0 flail!!
The naga warrior grabs you. The naga warrior constricts you.
You closely miss the naga warrior.
The naga warrior is lightly wounded.
The naga warrior blocks your attack.
You slice the naga warrior!!
You feel sick.
You are no longer poisoned.
A salamander comes into view. It is wielding a +3 trident.
The naga warrior closely misses you. You furiously retaliate!
You headbutt the naga warrior. The naga warrior constricts you.
You slice the naga warrior!!
The naga warrior is moderately wounded.
You slash the naga warrior! You barely miss the naga warrior.
The naga warrior spits poison at you. The splash of poison misses you.
The naga warrior hits you with a +1 war axe of freezing!!
You are too injured to fight recklessly!
Unknown command.
You are too injured to fight recklessly!
Unknown command.
You are too injured to fight recklessly!
Unknown command.
You are too injured to fight recklessly!
Unknown command.
You slice the naga warrior!!
The naga warrior is severely wounded.
The naga warrior blocks your attack.
You hit the naga warrior but do no damage.
The naga warrior barely misses you. The naga warrior constricts you.
The naga warrior hits you with a +0 dire flail!!
* * * LOW HITPOINT WARNING * * *
The naga warrior hits you with a +1 war axe of freezing!!!
You die...

......
......###
#......#
.#......#
........#
#.#
#######'##
##...##SNN#
#<.♣.)).♣@+
##...##.N)#
#######'##
##.## #?..#
#.♣.# #...#
##>## ##


You could see 3 naga warriors and a guardian serpent.

Vanquished Creatures
  Jorgrun (D:12)
  Gastronok (Lair:2)
  A frost giant (IceCv)
  An orc warlord (Orc:2)
  Aizul (Snake:1)
  A stone giant (D:15)
  The ghost of Pooter the Severer, a journeyman MiBe of Trog (D:11)
  A fire dragon (D:14)
  Josephine (Lair:6)
  Harold (D:7)
  5 boulder beetles
  An ice dragon (D:14)
  A naga warrior (Snake:1)
  7 anacondas
  A catoblepas (Lair:3)
  9 hydras
  A hell beast (Lair:6)
  3 death knights
  7 two-headed ogres
  6 centaur warriors
  An ogre mage (D:13)
  4 tengu warriors
  6 death yaks (Lair:4)
  The ghost of Utud the Gelid, a journeyman DEIE of Vehumet (D:14)
  3 shock serpents
  6 naga sharpshooters
  2 orc high priests (Orc:2)
  Nergalle (D:10)
  The ghost of tehphobia the Nimble, a journeyman SpVM of Vehumet (Orc:2)
  A skeletal warrior (D:14)
  3 naga ritualists
  A wizard (Lair:6)
  A lindwurm (Lair:6)
  2 deep elf pyromancers
  A phantasmal warrior (D:14)
  3 orc knights
  5 mana vipers
  9 ugly things
  2 orc sorcerers (Orc:2)
  2 manticores (D:12)
  2 cyclopes
  A merfolk siren (Lair:2)
  2 salamanders (Snake:3)
  37 elephants
  A centaur zombie (D:10)
  An ice statue (IceCv)
  Maurice (D:8)
  A cane toad (shapeshifter) (D:14)
  A smoke demon (Lair:6)
  A guardian serpent (Lair:4)
  4 torpor snails
  22 black mambas
  3 orange demons (Lair:6)
  12 komodo dragons
  2 naga magi
  A gargoyle (D:12)
  15 cane toads
  A kobold demonologist (D:11)
  3 unseen horrors
  3 tengu conjurers (D:14)
  5 rime drakes
  4 freezing wraiths
  An ice devil (Lair:6)
  A red devil (Lair:6)
  18 polar bears
  10 trolls
  13 blink frogs
  Prince Ribbit (D:6)
  A hornet (D:8)
  3 slime creatures (D:13)
  A centaur simulacrum (D:14)
  6 wraiths
  A vampire (D:11)
  4 wyverns
  5 basilisks
  54 yaks
  4 vampire mosquitoes (D:15)
  Grum (D:8)
  3 wargs
  13 nagas
  11 water moccasins
  5 hell hounds (Lair:6)
  Duvessa (D:7)
  41 orc warriors
  An acid dragon (D:13)
  6 black bears
  A sky beast (D:6)
  An ice beast (D:6)
  2 necrophages
  10 ogres
  27 wolves
  26 centaurs
  A phantom (D:6)
  3 kobold brigands
  9 gnoll sergeants
  4 scorpions
  10 bullfrogs
  Dowan (D:7)
  A wyvern skeleton (D:7)
  A water moccasin skeleton (D:6)
  32 killer bees
  4 howler monkeys
  4 electric eels
  A bullfrog zombie (D:5)
  2 centaur skeletons
  6 hounds
  3 jellies
  6 gnoll shamans (Bailey)
  27 orc priests
  A bullfrog skeleton (D:6)
  6 iguanas
  30 orc wizards
  A killer bee zombie (D:8)
  A howler monkey zombie (D:6)
  17 gnolls
  8 adders
  A white imp (D:7)
  An adder skeleton (D:4)
  A dart slug (D:4)
  88 orcs
  4 bats
  7 endoplasms
  2 giant cockroaches
  4 goblins
  7 hobgoblins
  3 jackals (D:5)
  21 kobolds
  2 quokkas
  A ball python (D:3)
  3 frilled lizards
  6 rats
831 creatures vanquished.

Vanquished Creatures (others)
  A wizard (D:5)
  A yak (IceCv)
  A naga (Snake:2)
  An orc wizard (Orc:2)
  21 fungi
  71 plants
96 creatures vanquished.

Grand Total: 927 creatures vanquished

Notes
Turn   | Place    | Note
-------+----------+-------------------------------------------
     0 | D:1      | rjrrt the Minotaur Berserker began the quest for the Orb.
     0 | D:1      | Reached XP level 1. HP: 19/19 MP: 0/0
   134 | D:1      | Reached skill level 4 in Axes
   390 | D:1      | Reached XP level 2. HP: 26/26 MP: 1/1
  1295 | D:2      | Reached skill level 5 in Axes
  1450 | D:2      | Found a faded altar of an unknown god.
  1656 | D:2      | Reached XP level 3. HP: 31/31 MP: 2/2
  1971 | D:3      | Found a white marble altar of Elyvilon.
  1979 | D:3      | Reached ** piety under Trog
  2598 | D:3      | Reached skill level 6 in Axes
  2598 | D:3      | Reached XP level 4. HP: 25/39 MP: 3/3
  2961 | D:4      | Found a snail-covered altar of Cheibriados.
  3002 | D:4      | Noticed a black bear
  3011 | D:4      | Killed a black bear
  3012 | D:4      | Reached skill level 7 in Axes
  3012 | D:4      | Reached XP level 5. HP: 18/45 MP: 4/4
  3890 | D:5      | Entered Level 5 of the Dungeon
  3902 | D:5      | Noticed an ogre
  3903 | D:5      | Noticed an ogre
  3906 | D:5      | Killed an ogre
  3907 | D:5      | Reached skill level 8 in Axes
  3907 | D:5      | Reached XP level 6. HP: 51/51 MP: 5/5
  3912 | D:5      | Reached skill level 9 in Axes
  4081 | D:5      | Reached XP level 7. HP: 59/59 MP: 6/6
  4540 | D:5      | Found a bloodstained altar of Trog.
  4721 | D:5      | Noticed a wizard
  4724 | D:5      | Killed a wizard
  5290 | D:6      | Reached *** piety under Trog
  5291 | D:6      | Reached skill level 10 in Axes
  5355 | D:6      | Reached XP level 8. HP: 67/67 MP: 7/7
  5390 | D:6      | Found a shadowy altar of Dithmenos.
  5402 | D:6      | Reached skill level 5 in Fighting
  5592 | D:6      | Noticed Prince Ribbit
  5606 | D:6      | Killed Prince Ribbit
  5607 | D:6      | Reached skill level 5 in Armour
  5662 | D:6      | Found an opulent altar of Gozag.
  5693 | D:6      | Found a glowing silver altar of Zin.
  5712 | D:6      | Found a staircase to the Ecumenical Temple.
  5802 | D:6      | Found a stormy altar of Qazlal.
  5855 | D:6      | Found a broken altar of Ashenzari.
  5870 | D:6      | Reached skill level 11 in Axes
  6066 | D:6      | Reached skill level 5 in Dodging
  6216 | D:7      | Reached XP level 9. HP: 75/75 MP: 8/8
  6221 | D:7      | Found a glowing golden altar of the Shining One.
  6807 | D:7      | Reached **** piety under Trog
  6881 | D:7      | Noticed Duvessa
  6883 | D:7      | Noticed Dowan
  6903 | D:7      | Killed Duvessa
  6909 | D:7      | Killed Dowan
  7138 | D:7      | Noticed Harold
  7152 | D:7      | Killed Harold
  7153 | D:7      | Reached skill level 12 in Axes
  7503 | D:8      | Noticed Grum
  7521 | D:8      | Killed Grum
  7576 | D:8      | Reached XP level 10. HP: 57/88 MP: 9/9
  7582 | D:8      | Identified the ring "Ydafisia" {rCorr Stlth+}
  7589 | D:8      | Noticed a centaur warrior
  7601 | D:8      | Killed a centaur warrior
  7602 | D:8      | Reached skill level 13 in Axes
  7607 | D:8      | Found a flagged portal.
  7707 | Bailey   | Entered a bailey
  8684 | Bailey   | Reached ***** piety under Trog
  8965 | D:8      | Found an iron altar of Okawaru.
  9068 | D:8      | Noticed Maurice
  9116 | D:8      | Killed Maurice
  9125 | D:8      | Reached skill level 14 in Axes
  9283 | D:8      | Reached XP level 11. HP: 97/97 MP: 10/10
  9290 | D:8      | Found a staircase to the Lair.
  9491 | D:8      | Found a basalt altar of Yredelemnul.
  9815 | Lair:1   | Entered Level 1 of the Lair of Beasts
  9976 | D:8      | Received a gift from Trog
 10434 | Lair:1   | Reached skill level 1 in Evocations
 10496 | Lair:1   | Found a snail-covered altar of Cheibriados.
 11333 | Lair:2   | Reached skill level 10 in Fighting
 11333 | Lair:2   | Reached skill level 15 in Axes
 11431 | Lair:2   | Found a staircase to the Shoals.
 11550 | Lair:2   | Reached skill level 10 in Armour
 11557 | Lair:2   | Reached XP level 12. HP: 72/106 MP: 11/11
 11854 | Lair:2   | Noticed Gastronok
 11856 | Lair:2   | Noticed a boulder beetle
 11869 | Lair:2   | Killed Gastronok
 11889 | Lair:2   | Killed a boulder beetle
 12282 | Lair:2   | Noticed a five-headed hydra
 12292 | Lair:2   | Killed a one-headed hydra
 12729 | Lair:3   | Noticed a catoblepas
 12731 | Lair:3   | Noticed a six-headed hydra
 12739 | Lair:3   | Killed a catoblepas
 12740 | Lair:3   | Killed a three-headed hydra
 12741 | Lair:3   | Reached skill level 16 in Axes
 13576 | Lair:4   | Found a runed translucent gate.
 13576 | Lair:4   | Found a runed translucent gate.
 13576 | Lair:4   | Found a runed translucent gate.
 13584 | Lair:4   | Reached skill level 1 in Throwing
 13685 | Lair:4   | Noticed a death yak
 13687 | Lair:4   | Noticed a death yak
 13687 | Lair:4   | Noticed a death yak
 13687 | Lair:4   | Noticed a death yak
 13688 | Lair:4   | Noticed a death yak
 13697 | Lair:4   | Noticed a death yak
 13700 | Lair:4   | Killed a death yak
 13701 | Lair:4   | Reached skill level 10 in Dodging
 13709 | Lair:4   | Killed a death yak
 13719 | Lair:4   | Killed a death yak
 13722 | Lair:4   | Killed a death yak
 13729 | Lair:4   | Killed a death yak
 13736 | Lair:4   | Killed a death yak
 13893 | Lair:4   | Reached XP level 13. HP: 112/116 MP: 12/12
 14107 | Lair:4   | Noticed Aqorghia's ghost (novice DDWr)
 14279 | Lair:4   | Reached skill level 17 in Axes
 14493 | Lair:4   | Found a staircase to the Snake Pit.
 15212 | Lair:5   | Found a transporter.
 15330 | Lair:5   | Found a transporter.
 16295 | Lair:5   | Upgraded the game from 0.27-a0-1196-g3e9cee4cb2 to
                  | 0.27-a0-1200-g94dc6ad4cf
 16317 | Lair:6   | Entered Level 6 of the Lair of Beasts
 16320 | Lair:6   | Received a gift from Trog
 16380 | Lair:6   | Reached skill level 18 in Axes
 16452 | Lair:6   | Noticed Josephine
 16465 | Lair:6   | Killed Josephine
 16466 | Lair:6   | Reached XP level 14. HP: 127/127 MP: 13/13
 17088 | Lair:6   | Found a viscous altar of Jiyva.
 17089 | Lair:6   | Found a staircase to the Slime Pits.
 17366 | Lair:6   | Reached ****** piety under Trog
 17428 | Lair:6   | Found a burning altar of Makhleb.
 17691 | Lair:6   | Found a gateway to Hell.
 18275 | D:9      | Received a gift from Trog
 18705 | D:10     | Entered Level 10 of the Dungeon
 18982 | D:10     | Noticed Nergalle
 18993 | D:10     | Killed Nergalle
 19130 | D:10     | Found an ornate altar of the Wu Jian Council.
 19161 | D:10     | Found a burning altar of Makhleb.
 19780 | D:11     | Noticed Pooter's ghost (journeyman MiBe)
 19791 | D:11     | Found a transporter.
 19891 | D:11     | Reached skill level 19 in Axes
 20435 | D:11     | Found a staircase to the Orcish Mines.
 20588 | D:11     | Found a transporter.
 20599 | D:11     | Killed Pooter's ghost
 20988 | Orc:1    | Entered Level 1 of the Orcish Mines
 21007 | Orc:1    | Found Ahany's Armour Shoppe.
 21037 | Orc:1    | Bought the +15 plate armour "Zuha" {rC++ Regen+ Int+5} for
                  | 1220 gold pieces
 21133 | Orc:2    | Entered Level 2 of the Orcish Mines
 21133 | Orc:2    | Found a runed translucent door.
 21175 | Orc:1    | Identified the +5 broad axe "Ruasmeu" {vorpal, rElec Str+4}
                  | (Trog gifted it to you on level 1 of the Orcish Mines)
 21175 | Orc:1    | Received a gift from Trog
 21651 | Orc:2    | Found Jaipaoh's Antique Armour Emporium.
 21671 | Orc:2    | Bought an embroidered cloak for 210 gold pieces
 21876 | Orc:2    | Received a gift from Trog
 21984 | Orc:2    | Reached XP level 15. HP: 132/137 MP: 14/14
 21984 | Orc:2    | Found Hudur's Armour Boutique.
 22074 | Orc:2    | Found a staircase to the Elven Halls.
 22412 | Orc:2    | Received a gift from Trog
 22444 | Orc:2    | Noticed tehphobia's ghost (journeyman SpVM)
 22474 | Orc:2    | Killed tehphobia's ghost
 22596 | Orc:2    | Found a shimmering blue altar of Sif Muna.
 22827 | Orc:2    | Noticed an orc warlord
 22843 | Orc:2    | Killed an orc warlord
 22934 | Orc:2    | Found Zyxtechi's Antique Armour Emporium.
 22938 | Orc:2    | Found Agrum's Antique Weapon Shoppe.
 23884 | D:12     | Noticed Jorgrun
 23895 | D:12     | Killed Jorgrun
 24170 | D:13     | Found a gate to the Vaults.
 24173 | D:13     | Received a gift from Trog
 24299 | D:13     | Reached skill level 20 in Axes
 24956 | D:14     | Found a frozen archway.
 24981 | IceCv    | Entered an ice cave
 25084 | IceCv    | Identified the +9 battleaxe of Disembowelment {vorpal,
                  | rCorr} (Trog gifted it to you in an ice cave)
 25084 | IceCv    | Received a gift from Trog
 25448 | IceCv    | Noticed a frost giant
 25467 | IceCv    | Killed a frost giant
 25524 | IceCv    | Identified the Papyrus of the Snowflakes
 25711 | D:14     | Found a runed translucent door.
 25725 | D:14     | Noticed Utud's ghost (journeyman DEIE)
 25737 | D:14     | Killed Utud's ghost
 25737 | D:14     | Received a gift from Trog
 25743 | D:14     | Identified the ring of Rirghuruq {rF+ rC- Will+ Slay+4}
 25748 | D:14     | Identified the +5 shortbow of Accidental Termination
                  | {flame, +Blink rF+ Dex+4}
 25998 | D:14     | Reached XP level 16. HP: 138/147 MP: 15/15
 26214 | D:14     | Found a blossoming altar of Fedhas.
 26376 | D:15     | Entered Level 15 of the Dungeon
 26522 | D:15     | Reached skill level 15 in Fighting
 26716 | D:15     | Found a staircase to the Depths.
 27039 | D:15     | Reached skill level 15 in Armour
 27048 | D:15     | Identified the ring "Aluarysi" {rElec Str+2 Int+4 SInv}
 27442 | Snake:1  | Entered Level 1 of the Snake Pit
 27561 | Snake:1  | Noticed Aizul
 27578 | Snake:1  | Killed Aizul
 27747 | Snake:1  | Reached skill level 21 in Axes
 28661 | Snake:2  | Received a gift from Trog
 28863 | Snake:2  | Found Etinam Yggu's Jewellery Shoppe.
 29596 | Snake:3  | Slain by a naga warrior

Illustrated notes

Levels and vault maps discovered:
D:1:      minmay_arrival_shattered_statue, layout_loops_ring,
          nrook_mini_backslash, chequers_serial_rivers_micro_a
D:2:      layout_loops_ring, hellmonk_ecumenical_altar_arch_garden,
          dk_noncrumbling_4
D:3:      layout_loops_ring, general_overflow_altar
D:4:      layout_basic, overflow_temple_1_default
D:5:      layout_loops_ring, trog_wizard, grunt_decor_one_mirror,
          corexii_item_surrounded_by_moat, water_maze_lemuel
D:6:      layout_loops_cross, pdpol_temple_overflow_zin_treasury_gozag_greed,
          overflow_temple_1_default, kennysheep_mini,
          nicolae_overflow_crystal_walls, minmay_temple_entry_poolview,
          uniq_prince_ribbit1
D:7:      layout_loops_ring, old_standard_altar, nrook_uturn, uniq_duvessa,
          uniq_harold
D:8:      layout_loops_ring, marbit_many_paths, lemuel_crystal_altar,
          grunt_lair_entry_orc_guard_hut, enter_bailey_2, uniq_maurice,
          uniq_grum
D:9:      layout_rooms, chequers_decorated_corner
D:10:     layout_long_grid, lightli_temple_of_fire, lemuel_round_altar,
          minivault_1, uniq_nergalle
D:11:     layout_loops_corners, minmay_orc_entry_temple_small,
          gammafunk_ghost_arena
D:12:     layout_stronghold, uniq_jorgrun
D:13:     layout_small_grid, david_vaults_2
D:14:     layout_stronghold, portal_ice_cave_entry_animals_and_master,
          ebering_ghost_reflecting_pool, fedhas_altar_4
D:15:     grunt_enter_depths_snipers, layout_stronghold,
          hellmonk_bongcloud_opening
Lair:1:   layout_roguey, chequers_serial_rivers_micro_a,
          nicolae_quartered_pool_medium, kennysheep_snail_temple,
          grunt_megastairs_5
Lair:2:   layout_hall_layers, minmay_shoals_entry_lonely_mermaid, serial_forest,
          infiniplex_forest_corner_2, infiniplex_forest_split,
          infiniplex_forest_lined_2, infiniplex_forest_straight_4,
          infiniplex_forest_lined_2, infiniplex_forest_lined_2,
          infiniplex_forest_lined_1, chequers_serial_rivers_micro_d,
          uniq_gastronok
Lair:3:   layout_regular_city
Lair:4:   layout_regular_city, minmay_snake_entry_spellcaster,
          gammafunk_ghost_icy
Lair:5:   gammafunk_boulding_lane, layout_gridlike, patterned_corridor
Lair:6:   evil_forest, layout_big_grid, slime_altar_1,
          chequers_serial_rivers_micro_b, serial_bayou_lagoon_b, uniq_josephine
Snake:1:  layout_onion_interference, uniq_aizul
Snake:2:  layout_honeycomb, serial_shops, shop, drop_trap,
          nicolae_snake_squiggles
Snake:3:  layout_misc_corridors, basic_altar, serial_shops,
          nicolae_shop_crystal, grunt_ministairs_5, nicolae_large_snake_swirl
Orc:1:    layout_caves, basic_altar, serial_shops, shop
Orc:2:    grunt_orc_community_town_hall, layout_caves,
          grunt_orc_community_big_house_2, grunt_orc_community_big_house_2,
          grunt_orc_community_house_1, grunt_orc_community_house_1,
          grunt_orc_community_house_3, grunt_orc_community_house_2,
          grunt_orc_community_house_3, grunt_orc_community_house_1,
          ebering_ghost_reflecting_pool, kennysheep_orc_sif_temple

Skill      XL: |  1  2  3  4  5  6  7  8  9 10 11 12 13 14 15 16 |
---------------+-------------------------------------------------+-----
Axes           | 4 5 6 7 8 9 10 11 12 14 15 16 18 19 20 21 | 21.3
Fighting       | 4 6 7 9 10 11 12 13 14 15 | 15.8
Armour         | 4 5 7 8 10 11 12 13 14 15 | 15.5
Dodging        | 3 5 6 7 9 10 11 12 13 14 | 14.5
Evocations     | 3 4 |  4.3
Throwing       | 2 4 |  4.4

Action                   |  1- 3 |  4- 6 |  7- 9 | 10-12 | 13-15 | 16-18 || total
-------------------------+-------+-------+-------+-------+-------+-------++-------
Melee: Hand axe          |    67 |    49 |   253 |       |       |       ||   369
       Headbutt          |    14 |    18 |    78 |   144 |   310 |    63 ||   627
       War axe           |       |       |     9 |   220 |       |       ||   229
       Broad axe         |       |       |       |   215 |   362 |       ||   577
       Battleaxe         |       |       |       |       |   695 |   266 ||   961
Throw: Dart              |       |     3 |     4 |     4 |     1 |       ||    12
Invok: Berserk           |       |     3 |     4 |     6 |     5 |       ||    18
       Brothers in Arms  |       |       |       |       |     2 |       ||     2
       Trog's Hand       |       |       |       |       |     3 |     1 ||     4
Evoke: Wand              |       |       |       |     6 |     4 |       ||    10
  Use: Scroll            |       |    10 |     2 |     5 |    10 |     3 ||    30
       Potion            |       |       |     3 |     1 |       |       ||     4
 Stab: Invisible         |       |       |       |     5 |       |       ||     5
       Distracted        |       |       |       |       |     1 |       ||     1
Armor: Animal skin       |     4 |       |       |       |       |       ||     4
       Leather armour    |     7 |       |       |       |       |       ||     7
       Ring mail         |       |     3 |       |       |       |       ||     3
       Chain mail        |       |    10 |    17 |   138 |       |       ||   165
       Plate armour      |       |       |   103 |   119 |   616 |   219 ||  1057
Dodge: Dodged            |    43 |    24 |    81 |   255 |   673 |   180 ||  1256

Table legend: (Time is in decaauts)
 A = Elapsed time spent in this place.
 B = Non-inter-level travel time spent in this place.
 C = Inter-level travel time spent in this place.
 D = Time resting spent in this place.
 E = Time spent auto-exploring this place.
 F = Levels seen in this place.
 G = Mean time per level.
                   A        B        C        D        E       F      G
               +--------+--------+--------+--------+--------+-----+--------+
         Total |  29332 |  27800 |   1532 |   2513 |  18250 |  28 | 1047.6 |
       Dungeon |  15130 |  14054 |   1076 |   1044 |  10529 |  15 | 1008.7 |
          Lair |   8293 |   7984 |    309 |    760 |   5428 |   6 | 1382.2 |
     Snake Pit |   2096 |   2026 |     70 |     20 |   1634 |   3 |  698.7 |
  Orcish Mines |   2097 |   2021 |     76 |     87 |    544 |   2 | 1048.5 |
        Bailey |   1161 |   1161 |      0 |    537 |    114 |   1 | 1161.0 |
      Ice Cave |    552 |    552 |      0 |     65 |      0 |   1 |  552.0 |
               +--------+--------+--------+--------+--------+-----+--------+

Top non-repeatable levels by time:
  Lair:6: 1815 daAuts
   Orc:2: 1614 daAuts
    D:11: 1515 daAuts
  Lair:4: 1444 daAuts
  Lair:2: 1415 daAuts
  Lair:1: 1385 daAuts
     D:8: 1355 daAuts
     D:5: 1338 daAuts
  Lair:5: 1311 daAuts
     D:6: 1229 daAuts
  Bailey: 1161 daAuts
 Snake:1: 1159 daAuts
    D:14: 1052 daAuts
     D:7: 1037 daAuts
     D:4: 1037 daAuts
